 Dungeon Crawl Stone Soup version 0.20.1-1-g8b1a95d (webtiles) character file.

256 Nattfarinn the Sneak (level 5, -2/35 HPs)
             Began as a Vampire Enchanter on Aug 2, 2017.
             Slain by baghtru's ghost (12 damage)
             ... on level 3 of the Dungeon.
             The game lasted 00:08:05 (2910 turns).

Nattfarinn the Sneak (Vampire Enchanter)            Turns: 2910, Time: 00:08:05

Health: -2/35      AC:  5    Str: 11    XL:     5   Next: 92%
Magic:  2/8        EV: 18    Int: 17    God:
Gold:   135        SH:  6    Dex: 16    Spells: 4/8 levels left

rFire    . . .     SeeInvis +   x - +2 dagger (venom)
rCold    . . .     Gourm    .   (no shield)
rNeg     + . .     Faith    .   b - +0 robe
rPois    .         Spirit   .   (no helmet)
rElec    .         Reflect  +   (no cloak)
rCorr    .         Harm     .   n - +2 pair of gloves
MR       .....                  (no boots)
Stlth    ++++......             f - +6 amulet of reflection
Regen    0.2/turn               g - +4 ring of strength
MPRegen  0.2/turn               t - +5 ring of evasion

@: no status effects
A: fangs 3, see invisible, unbreathing
a: Bat Form


You were on level 3 of the Dungeon.
You were not thirsty.

You visited 1 branch of the dungeon, and saw 3 of its levels.

You collected 135 gold pieces.

Inventory:

Hand Weapons
 a - a +1 dagger
 j - a +0 dagger of venom
 x - a +2 dagger of venom (weapon)
Missiles
 y - 23 poisoned needles
Armour
 b - a +0 robe (worn)
 n - a +2 pair of gloves (worn)
 s - a +0 shield
Jewellery
 f - a +6 amulet of reflection (around neck)
 g - a +4 ring of strength (left hand)
 k - an uncursed ring of positive energy
 t - a +5 ring of evasion (right hand)
 w - an uncursed amulet of faith {unknown}
Wands
 A - a wand of flame (1/48)
Scrolls
 e - 2 scrolls of identify {unknown}
 h - 3 scrolls of teleportation {unknown}
 l - a scroll of amnesia {unknown}
 m - 2 scrolls of remove curse {unknown}
 q - a scroll of enchant armour {unknown}
 r - a scroll of recharging {unknown}
 u - a scroll of immolation {unknown}
 B - a scroll of random uselessness {unknown}
Potions
 d - 3 potions of blood
 i - 3 potions of curing {unknown}
 o - 2 potions of mutation {unknown}
 p - a potion of heal wounds {unknown}
 v - a potion of agility {unknown}
 z - a potion of ambrosia {unknown}
Books
 c - a book of Maledictions

   Spells                             Type                      Level
   a - Corona                         Hexes                        1
   b - Ensorcelled Hibernation        Hexes/Ice                    2
   c - Confuse                        Hexes                        3
   d - Tukima's Dance                 Hexes                        3
   e - Dazzling Spray                 Conjuration/Hexes            3


   Skills:
 - Level 1.1 Short Blades
 - Level 2.1 Dodging
 + Level 7.8 Stealth
 * Level 1.7 Shields
 - Level 2.0 Spellcasting
 * Level 6.8 Hexes


You had 4 spell levels left.
You knew the following spells:

 Your Spells              Type           Power        Failure   Level  Hunger
a - Corona                Hex            ####...      1%          1    #......
b - Confuse               Hex            ####....     3%          3    ###....


Dungeon Overview and Level Annotations

Branches:
Dungeon (3/15)

Altars:
Dithmenos
Makhleb
Vehumet

Annotations:
D:3 baghtru's ghost, amateur HOFi


Innate Abilities, Weirdness & Mutations

You have razor-sharp teeth.
You have supernaturally acute eyesight. (SInv)
You can survive without breathing.


Message History

Baghtru's ghost completely misses you.
You hit baghtru's ghost but do no damage.
Baghtru's ghost is lightly damaged.
Baghtru's ghost hits you!
Casting: Corona
Confirm with . or Enter, or press ? or * to list all spells.
Aiming: Confuse
Press: ? - help, Shift-Dir - straight line, f - baghtru's ghost
Aim: baghtru's ghost (lightly damaged, chance to defeat MR: 50%) Baghtru's ghost resists with some effort.
Baghtru's ghost hits you!
* * * LOW HITPOINT WARNING * * *
Casting: Confuse
Confirm with . or Enter, or press ? or * to list all spells.
Aiming: Confuse
Press: ? - help, Shift-Dir - straight line, f/p - baghtru's ghost
Aim: baghtru's ghost (lightly damaged, chance to defeat MR: 50%) Baghtru's ghost resists with some effort.
Baghtru's ghost hits you!
You die...

#......####..##.##.#
#.###........##.....
#.# ##...>...#####.#
#.# #.......#####.# #.#
#.............# ##.#
#.......#######
####..####.......# #
#.......##.......# #
#.##.).@.........# #
#.##..#W##.##.##.# ####
#.##....##.##.##.# #...
#.###.#.##....##.# #.##
#.###.#.)[.....#.# #.#
#.......)<.......####.#
#######..##...........#
#### #........########
...# ### ##.####..#


You could see baghtru's ghost.

Vanquished Creatures
  A crimson imp (D:3)
  3 orc priests (D:3)
  A gnoll (D:1)
  5 adders
  A worm (D:3)
  4 dart slugs
  2 leopard geckos
  6 orcs
  3 giant cockroaches
  6 goblins
  9 hobgoblins
  4 jackals
  4 kobolds
  9 bats
  2 frilled lizards
  8 rats
68 creatures vanquished.

Notes
Turn   | Place    | Note
-------+----------+-------------------------------------------
     0 | D:1      | Nattfarinn the Vampire Enchanter began the quest for the Orb.
     0 | D:1      | Reached XP level 1. HP: 13/13 MP: 3/3
   234 | D:1      | Reached XP level 2. HP: 19/19 MP: 5/5
   329 | D:1      | Reached skill level 5 in Hexes
   408 | D:1      | Reached skill level 5 in Stealth
   664 | D:1      | Reached XP level 3. HP: 8/24 MP: 6/6
  1165 | D:2      | Reached skill level 6 in Stealth
  1220 | D:2      | Reached XP level 4. HP: 19/30 MP: 7/7
  2081 | D:3      | Reached skill level 7 in Stealth
  2081 | D:3      | Reached XP level 5. HP: 35/35 MP: 8/8
  2105 | D:2      | Reached skill level 1 in Shields
  2604 | D:3      | Noticed baghtru's ghost (amateur HOFi)
  2674 | D:2      | Learned a level 3 spell: Confuse
  2730 | D:3      | Found a shadowy altar of Dithmenos.
  2818 | D:3      | Found a radiant altar of Vehumet.
  2819 | D:3      | Found a burning altar of Makhleb.
  2910 | D:3      | Slain by baghtru's ghost

Skill      XL: |  1  2  3  4  5 |
---------------+----------------+-----
Hexes          | 5 6 |  6.8
Stealth        | 5 6 7 |  7.8
Shields        | 1 |  1.7
Short Blades   | |  1.1
Dodging        | |  2.1
Spellcasting   | |  2.0

Action                   |  1- 3 |  4- 6 || total
-------------------------+-------+-------++-------
Melee: Dagger            |   107 |    97 ||   204
       Bite              |    10 |    13 ||    23
 Cast: Confuse           |       |     2 ||     2
 Stab: Sleeping          |     8 |    10 ||    18
  Eat: Corpse            |     5 |     6 ||    11
Armor: Robe              |    15 |     7 ||    22
Dodge: Dodged            |    53 |    42 ||    95
Block: Other             |    29 |    11 ||    40
       Reflection        |     1 |       ||     1
       Shield            |       |    35 ||    35
